[Event "ICC tourney 1955 (60 10)"]
[Site "Internet Chess Club"]
[Date "2020.08.09"]
[Round "9"]
[White "glmccoy"]
[Black "Zwish"]
[Result "1-0"]
[ICCResult "Black resigns"]
[WhiteElo "1899"]
[BlackElo "1941"]
[Opening "English, 1...Nf6 (Anglo-Indian defense)"]
[ECO "A15"]
[NIC "EO.64"]
[Time "18:32:25"]
[TimeControl "3600+10"]

1. c4 Nf6 2. g3 c5 3. Bg2 e6 4. Nf3 d5 5. cxd5 exd5 6. O-O Nc6 7. d4 cxd4 8.
Nxd4 Be7 9. Nc3 O-O 10. h3 Re8 11. Be3 Ne5 12. b3 Bb4 13. Qc2 Ng6 14. Ncb5
Bd7 15. Nc7 Rxe3 16. Nxa8 Rc3 17. Qb2 Rc8 18. Rac1 Rxa8 19. Rfd1 Nh5 20. Nc2
Bc5 21. Rxd5 Nxg3 22. Nd4 Bxd4 23. Rxd4 Nf5 24. Rd2 Nf4 25. Rc4 Nxg2 26.
Kxg2 Qg5+ 27. Kh2 Nh4 28. Rxh4 Qxh4 29. Rxd7 Qxf2+ 30. Kh1 Re8 31. Rd2 Qg3
32. Qd4 Qxh3+ 33. Kg1 h6 34. e4 Re6 35. Rg2 Rg6 36. Rxg6 fxg6 37. Qd5+ Kh7
38. e5 Qf5 39. Qd6 Qb1+ 40. Kf2 Qxa2+ 41. Ke3 Qxb3+ 42. Kd4 Qb6+ 43. Qxb6
axb6 44. Kd5 h5 45. e6 g5 46. e7 h4 47. e8=Q Kh6 48. Qh8+ Kg6 49. Ke6 b5 50.
Qe8+ Kh6 51. Kf5 Kh7 {Black resigns} 1-0

[Event "ICC tourney 1955 (60 10)"]
[Site "Internet Chess Club"]
[Date "2020.08.09"]
[Round "9"]
[White "RockroyalChess"]
[Black "cprovince"]
[Result "0-1"]
[ICCResult "White resigns"]
[WhiteElo "1709"]
[BlackElo "1903"]
[Opening "Queen's pawn, Mason variation"]
[ECO "D00"]
[NIC "QP.08"]
[Time "18:32:19"]
[TimeControl "3600+10"]

1. d4 d5 2. Bf4 Nf6 3. e3 c5 4. c3 Nc6 5. Nd2 Bf5 6. Ngf3 e6 7. Be2 h6 8.
O-O Nh5 9. Bg3 Nxg3 10. hxg3 Bd6 11. a3 O-O 12. dxc5 Bxc5 13. b4 Be7 14. Qb3
Bf6 15. Rac1 a6 16. c4 dxc4 17. Nxc4 b5 18. Rfd1 bxc4 19. Qxc4 Qe7 20. Qxc6
Bb2 21. Rc5 Bxa3 22. Qa4 Bb2 23. Nd4 Bxd4 24. Rxd4 Rfd8 25. Rxd8+ Qxd8 26.
Bxa6 Qd2 27. Qc6 Qe1+ 28. Kh2 Rd8 29. Qf3 Rd2 30. g4 Bg6 31. Rc8+ Kh7 32.
Qa8 Bb1 33. Bb7 Qxf2 34. Be4+ Bxe4 35. Qxe4+ f5 36. gxf5 exf5 {White
resigns} 0-1

[Event "ICC tourney 1955 (60 10)"]
[Site "Internet Chess Club"]
[Date "2020.08.09"]
[Round "9"]
[White "KnightHawk8"]
[Black "betterone76"]
[Result "1-0"]
[ICCResult "Black resigns"]
[WhiteElo "2097"]
[BlackElo "1814"]
[Opening "Two knights defense (Modern bishop's opening)"]
[ECO "C55"]
[NIC "IG.01"]
[Time "18:31:40"]
[TimeControl "3600+10"]

1. e4 e5 2. Nf3 Nc6 3. Bc4 Nf6 4. d3 h6 5. O-O d6 6. c3 Be7 7. Re1 O-O 8.
Bb3 Nh7 9. Nbd2 Ng5 10. h3 Kh8 11. d4 f5 12. exf5 exd4 13. cxd4 Bxf5 14.
Nxg5 Bxg5 15. Nf3 Bxc1 16. Rxc1 Qf6 17. Rc3 Rac8 18. Rce3 Bd7 19. Be6 Bxe6
20. Rxe6 Qf7 21. Qe2 d5 22. Kh1 Qf4 23. Qd3 Qf5 24. Qb5 Nd8 25. Nh4 c6 26.
Qb4 c5 27. dxc5 Qxf2 28. Ng6+ Kg8 29. Nxf8 Nxe6 30. Nxe6 Re8 31. Qc3 d4 32.
Qa5 Rxe6 33. Rxe6 Qf1+ 34. Kh2 Qf4+ 35. Kg1 Qc1+ 36. Qe1 Qc4 37. Re8+ Kf7
38. Qe7+ Kg6 39. Qd6+ Kh7 40. Qe5 d3 41. Qf5+ g6 42. Qd7+ {Black resigns}
1-0

[Event "ICC tourney 1955 (60 10)"]
[Site "Internet Chess Club"]
[Date "2020.08.09"]
[Round "9"]
[White "Atharva10"]
[Black "alkanet"]
[Result "1-0"]
[ICCResult "Black checkmated"]
[WhiteElo "2069"]
[BlackElo "2144"]
[Opening "Ruy Lopez: Marshall counter-attack"]
[ECO "C89"]
[NIC "RL.17"]
[Time "18:31:54"]
[TimeControl "3600+10"]

1. e4 e5 2. Nf3 Nc6 3. Bb5 a6 4. Ba4 Nf6 5. O-O Be7 6. Re1 b5 7. Bb3 O-O 8.
c3 d5 9. d3 Bb7 10. exd5 Nxd5 11. Nxe5 Nxe5 12. Rxe5 c6 13. Nd2 Bd6 14. Re1
Nf4 15. d4 Nd3 16. Re3 Bxh2+ 17. Kxh2 Qh4+ 18. Rh3 Qf4+ 19. Rg3 c5 20. Nf3
Qe4 21. Bc2 c4 22. Bxd3 cxd3 23. Bh6 Rfe8 24. Bxg7 Re6 25. Qd2 Rg6 26. Be5
Re8 27. Re1 Qf5 28. Qf4 Qh5+ 29. Kg1 Bxf3 30. Qf6 Rxe5 31. Rxe5 Qxe5 32.
dxe5 Rxg3 33. fxg3 Be4 34. Kf2 h5 35. Ke3 Bh7 36. Qxa6 Kg7 37. Qxb5 h4 38.
e6 fxe6 39. a4 h3 40. gxh3 Kf6 41. a5 e5 42. a6 Be4 43. Kxe4 d2 44. Qd5 Kg6
45. a7 Kg5 46. a8=Q d1=N 47. Qag8+ Kh6 48. Qde6+ Kh5 49. Qeg6#
{Black checkmated}
1-0

[Event "ICC tourney 1955 (60 10)"]
[Site "Internet Chess Club"]
[Date "2020.08.09"]
[Round "9"]
[White "agpil"]
[Black "runtilmorrow1"]
[Result "0-1"]
[ICCResult "White checkmated"]
[WhiteElo "1829"]
[BlackElo "2040"]
[Opening "Sicilian: dragon, Yugoslav attack, Rauser variation"]
[ECO "B76"]
[NIC "SI.17"]
[Time "18:32:44"]
[TimeControl "3600+10"]

1. e4 c5 2. Nf3 d6 3. d4 cxd4 4. Nxd4 Nf6 5. Nc3 g6 6. f3 Bg7 7. Be3 O-O 8.
Qd2 Nc6 9. O-O-O d5 10. Qe1 e5 11. Nxc6 bxc6 12. Bc4 Be6 13. Bg5 Qb6 14.
exd5 Nxd5 15. Nxd5 cxd5 16. Bxd5 e4 17. Bb3 exf3 18. gxf3 Rac8 19. Kb1 Rxc2
20. Kxc2 Bf5+ 21. Rd3 Bxd3+ 22. Kd2 Qb4+ 23. Kd1 Qb5 24. Qd2 a5 25. Bh4 a4
26. Bc2 Bxc2+ 27. Qxc2 Qd5+ 28. Kc1 Qxf3 29. Re1 Qf4+ 30. Kb1 Qxh4 31. Re4
Qf6 32. Rb4 a3 33. Rb3 axb2 34. Rxb2 Qxb2+ 35. Qxb2 Bxb2 36. Kxb2 f5 37. a4
f4 38. a5 Ra8 39. Kc3 Rxa5 40. Kd3 f3 41. Ke3 Rf5 42. Kf2 h5 43. h3 g5 44.
Kf1 g4 45. hxg4 hxg4 46. Kf2 Rf6 47. Kf1 g3 48. Kg1 Ra6 49. Kf1 Ra1#
{White checkmated}
0-1

[Event "ICC tourney 1955 (60 10)"]
[Site "Internet Chess Club"]
[Date "2020.08.09"]
[Round "9"]
[White "saiabhi29"]
[Black "gz99754539"]
[Result "1/2-1/2"]
[ICCResult "Game drawn by mutual agreement"]
[WhiteElo "2057"]
[BlackElo "1988"]
[Opening "Queen's pawn: London system"]
[ECO "A45"]
[NIC "QP.05"]
[Time "18:32:24"]
[TimeControl "3600+10"]

1. d4 Nf6 2. Bf4 e6 3. Nf3 d5 4. e3 Nbd7 5. Nbd2 Be7 6. Ne5 O-O 7. Bd3 c5 8.
c3 cxd4 9. exd4 Nxe5 10. Bxe5 Bd6 11. Qc2 h6 12. Nf3 Bxe5 13. Nxe5 Nd7 14.
Nf3 Qf6 15. O-O e5 16. dxe5 Nxe5 17. Nxe5 Qxe5 18. Rfe1 Qg5 19. Re3 Bd7 20.
Rg3 Qe5 21. Qd2 Qf6 22. Rf3 Qh4 23. Bf5 Bc6 24. Rf4 Qe7 25. Rd4 Rfe8 26. Bg4
Rad8 27. Rd1 b5 28. Bf3 Rd6 29. h3 Re6 30. Bxd5 Bxd5 31. Rxd5 Re2 32. Qf4
Rxb2 33. Rd7 Qe6 34. a3 a5 35. Qd4 Qe5 36. Qa7 Qf6 37. R7d3 Rbe2 38. Rf3
Re1+ 39. Rxe1 Rxe1+ 40. Kh2 Qe5+ 41. g3 Qd5 42. Kg2 Re5 43. Qa6 a4 44. Qc8+
Kh7 45. Qg4 g6 46. Qd4 Kg7 47. Qf4 Rf5 48. Qe3 Rxf3 49. Qxf3 Qc5 50. Qd3
Qxa3 51. Qxb5 Qb3 52. c4 Qxb5 53. cxb5 a3 54. b6 a2 55. b7 a1=Q 56. b8=Q
{Game drawn by mutual agreement}
1/2-1/2

[Event "ICC tourney 1955 (60 10)"]
[Site "Internet Chess Club"]
[Date "2020.08.09"]
[Round "9"]
[White "Boldmann"]
[Black "ocean112005"]
[Result "1/2-1/2"]
[ICCResult "Game drawn by mutual agreement"]
[WhiteElo "1857"]
[BlackElo "1694"]
[Opening "Sicilian: Hungarian variation"]
[ECO "B34"]
[NIC "SI.43"]
[Time "18:32:00"]
[TimeControl "3600+10"]

1. e4 c5 2. Nf3 g6 3. d4 cxd4 4. Nxd4 Bg7 5. Nc3 Nc6 6. Be3 Nf6 7. Nxc6 bxc6
8. e5 Nd5 9. Nxd5 cxd5 10. Qxd5 Rb8 11. O-O-O Bb7 12. Qc5 O-O 13. f3 Bc6 14.
Bc4 Qc7 15. Bd4 Rfc8 16. Qxe7 Bd5 17. Bd3 Bxa2 18. Bc3 Qb6 19. Qa3 Rxc3 20.
Qxc3 Qe3+ 21. Qd2 Qxe5 22. c3 d5 23. f4 Qf6 24. Qe3 h6 25. Bc2 Qc6 26. Rhe1
Qb7 27. b4 a5 28. Qc5 axb4 29. Qxb4 Qc7 30. Re7 Bxc3 31. Rxc7 Bxb4 32. Ra7
Bc4 33. Ra4 Bc5 34. Kd2 Re8 35. Re1 Rb8 36. Rb1 Re8 37. Re1 Rb8
{Game drawn by mutual agreement}
1/2-1/2

[Event "ICC tourney 1955 (60 10)"]
[Site "Internet Chess Club"]
[Date "2020.08.09"]
[Round "9"]
[White "chessrex"]
[Black "ChessPlayer2005"]
[Result "0-1"]
[ICCResult "White resigns"]
[WhiteElo "1969"]
[BlackElo "1786"]
[Opening "Blackmar-Diemer gambit"]
[ECO "A45"]
[NIC "QP.07"]
[Time "18:32:24"]
[TimeControl "3600+10"]

1. d4 Nf6 2. f3 d5 3. e4 dxe4 4. Nc3 exf3 5. Nxf3 g6 6. Bc4 Bg7 7. O-O O-O
8. h3 Bf5 9. Qe1 Bxc2 10. Qh4 Ne8 11. Rf2 Bf5 12. Bh6 Bf6 13. Bg5 Ng7 14.
Nd5 Nd7 15. Re1 Be6 16. Nxe7+ Qxe7 17. d5 Nf5 18. Qf4 Bxg5 19. Nxg5 h6 20.
dxe6 Qxg5 21. Qxg5 hxg5 22. exd7 Rad8 23. Bd3 Rxd7 24. Bxf5 gxf5 25. Rxf5 f6
26. Ref1 Kg7 27. R1f2 c6 28. h4 gxh4 29. R2f4 Rd5 30. Rg4+ Kf7 31. Rff4 Rg8
32. Rxh4 Rd2 33. Rh7+ Rg7 34. Rxg7+ Kxg7 35. Rb4 b6 36. Kh2 c5 37. Rb5 Kf7
38. a4 Rd4 39. a5 Rb4 40. Rxb4 cxb4 41. axb6 axb6 42. Kg3 Ke6 43. Kf4 f5 44.
Ke3 Ke5 45. g3 b3 46. Kd3 Kd5 47. Ke3 Kc4 48. Kf4 Kd3 49. Kxf5 Kc2 50. g4
Kxb2 51. g5 Kc3 52. g6 b2 53. g7 b1=Q+ 54. Kf6 Qg1 55. Kf7 b5 56. g8=Q Qxg8+
57. Kxg8 b4 {White resigns} 0-1

[Event "ICC tourney 1955 (60 10)"]
[Site "Internet Chess Club"]
[Date "2020.08.09"]
[Round "9"]
[White "peekaboopenguin"]
[Black "KnightRyder3"]
[Result "1/2-1/2"]
[ICCResult "Game drawn by mutual agreement"]
[WhiteElo "1699"]
[BlackElo "1787"]
[Opening "Sicilian"]
[ECO "B50"]
[NIC "SI.01"]
[Time "18:32:29"]
[TimeControl "3600+10"]

1. e4 c5 2. Nf3 d6 3. c3 Nf6 4. Be2 Nc6 5. d4 cxd4 6. cxd4 g6 7. O-O Bg7 8.
Nc3 O-O 9. Be3 Bd7 10. Rc1 Rc8 11. Qd2 Ng4 12. Bf4 e5 13. dxe5 dxe5 14. Bg3
Bh6 15. Qc2 Bxc1 16. Qxc1 Nd4 17. Bd1 Bb5 18. Re1 Re8 19. h3 Nf6 20. Nxe5
Bc6 21. Qf4 Ne6 22. Qh6 Bxe4 23. Nxe4 Nxe4 24. Ba4 Nxg3 25. Bxe8 Qxe8 26.
fxg3 Qb5 27. Qd2 Rd8 28. Qf2 Qc5 29. Qxc5 Nxc5 30. Nf3 Ne6 31. Kf2 Kg7 32.
Rc1 Rd7 33. Ke2 Kf6 34. Rc4 Rc7 35. Rxc7 Nxc7 36. Kd3 b5 37. Nd4 a6 38. Nc2
Ke5 39. Nb4 f5 40. h4 Kd6 41. Nc2 Nd5 42. a3 Nf6 43. Ne3 Ne4 44. Nf1 a5 45.
Ke3 Kd5 46. Kd3 Kc5 47. b3 a4 48. b4+ Kd5 49. Ne3+ Ke5 50. Nf1 h6 51. Ke3
Nd6 52. Nd2 Kd5 53. Kd3 Ne4 54. Nf1 {Game drawn by mutual agreement} 1/2-1/2

[Event "ICC tourney 1955 (60 10)"]
[Site "Internet Chess Club"]
[Date "2020.08.09"]
[Round "9"]
[White "kkhanna"]
[Black "chessisthebest1"]
[Result "0-1"]
[ICCResult "White checkmated"]
[WhiteElo "1340"]
[BlackElo "1886"]
[Opening "Catalan: open, 5.Nf3"]
[ECO "E04"]
[NIC "CA.03"]
[Time "18:31:31"]
[TimeControl "3600+10"]

1. d4 d5 2. Nf3 Nf6 3. g3 e6 4. c4 dxc4 5. Bg2 Nc6 6. O-O Be7 7. Qc2 O-O 8.
e3 Re8 9. Qxc4 Qd5 10. Qxd5 Nxd5 11. a3 Bd7 12. Bd2 Bd6 13. Nc3 Nxc3 14.
Bxc3 Rad8 15. Rfd1 f6 16. Rd2 Nb8 17. Ne1 Bc6 18. Bxc6 Nxc6 19. Nf3 Ne7 20.
e4 c6 21. Rad1 Bc7 22. e5 Nd5 23. exf6 gxf6 24. Re1 Kf7 25. Rde2 Nb6 26. Nd2
Rd5 27. Nb3 Nd7 28. Nc1 Bb6 29. Nd3 Bc7 30. Kg2 a5 31. Re3 b6 32. R3e2 Nf8
33. Rc2 Ke7 34. Nc1 Red8 35. Ne2 Bd6 36. Bd2 Kd7 37. Rec1 Rc8 38. Be3 Rh5
39. Nc3 Bc7 40. Ne4 Bd8 41. g4 Rb5 42. a4 Rb4 43. Nc3 Be7 44. d5 cxd5 45. h3
Bd8 46. Kg3 Rbc4 47. b3 R4c6 48. Bd2 d4 49. Bh6 Rxc3+ 50. Rxc3 Rxc3+ 51.
Rxc3 dxc3 52. Bxf8 Be7 53. Bh6 Ba3 54. g5 fxg5 55. Bxg5 c2 56. Kh4 c1=Q 57.
Bxc1 Bxc1 58. Kh5 Kd6 59. Kg4 Kc5 60. Kf3 Kd4 61. h4 h5 62. Ke2 Kc3 63. Kf3
Kxb3 64. Ke4 Kxa4 65. Ke5 Kb4 66. Kxe6 a4 67. f4 a3 68. f5 a2 69. f6 a1=Q
70. f7 Bh6 71. Ke7 Qe5+ 72. Kd7 Qd5+ 73. Ke7 Kc4 74. f8=Q Bxf8+ 75. Kxf8 b5
76. Kg7 b4 77. Kf6 b3 78. Ke7 b2 79. Kf8 b1=Q 80. Kg7 Qbb7+ 81. Kf6 Qbc6+
82. Ke7 Qdd7+ 83. Kf8 Qcc8# {White checkmated} 0-1

[Event "ICC tourney 1955 (60 10)"]
[Site "Internet Chess Club"]
[Date "2020.08.09"]
[Round "9"]
[White "dzchess01"]
[Black "bg26723"]
[Result "1-0"]
[ICCResult "Black resigns"]
[WhiteElo "1850"]
[BlackElo "1931"]
[Opening "Caro-Kann: classical, Spassky variation"]
[ECO "B19"]
[NIC "CK.12"]
[Time "18:32:19"]
[TimeControl "3600+10"]

1. e4 c6 2. d4 d5 3. Nc3 dxe4 4. Nxe4 Bf5 5. Ng3 Bg6 6. h4 h6 7. Nf3 Nd7 8.
h5 Bh7 9. Bd3 Bxd3 10. Qxd3 Ngf6 11. Bd2 e6 12. O-O-O Qc7 13. Ne4 O-O-O 14.
Qe2 Nxe4 15. Qxe4 Nf6 16. Qe2 Bd6 17. g3 Rhe8 18. c4 c5 19. Bc3 Qc6 20. Ne5
Bxe5 21. dxe5 Ne4 22. Qe3 Nxc3 23. Qxc3 Qe4 24. f3 Qe2 25. Rhe1 Qf2 26. g4
Rd4 27. Rf1 Qe2 28. Rfe1 Qxc4 29. Rxd4 Qxd4 30. Qxd4 cxd4 31. Kd2 Rd8 32.
Kd3 Kc7 33. Re4 Rd5 34. f4 Kc6 35. Rxd4 Kc5 36. b4+ Kc6 37. Kc4 Rxd4+ 38.
Kxd4 b6 39. Kc4 Kd7 40. Kb5 Ke7 41. Kc4 a6 42. a4 f5 43. gxf5 exf5 44. Kd5
g6 45. hxg6 h5 46. Kd4 {Black resigns} 1-0

[Event "ICC tourney 1955 (60 10)"]
[Site "Internet Chess Club"]
[Date "2020.08.09"]
[Round "9"]
[White "Coolbull"]
[Black "Almanac2050"]
[Result "0-1"]
[ICCResult "White resigns"]
[WhiteElo "1772"]
[BlackElo "1516"]
[Opening "French: exchange variation"]
[ECO "C01"]
[NIC "FR.01"]
[Time "18:32:43"]
[TimeControl "3600+10"]

1. e4 e6 2. d4 d5 3. exd5 exd5 4. Nf3 Bd6 5. Bd3 Ne7 6. O-O Nbc6 7. c4 dxc4
8. Bxc4 O-O 9. Nc3 Bg4 10. Be2 a6 11. Ne4 Qd7 12. Nxd6 Qxd6 13. Qb3 Rab8 14.
Bg5 Bxf3 15. Bxf3 Nxd4 16. Qe3 Nef5 17. Qd3 Nxf3+ 18. Qxf3 Qg6 19. Bf4 Nd4
20. Qd1 Ne6 21. Be3 Rfd8 22. Qb3 Qd3 23. Qb4 Qd6 24. Qg4 Qf8 25. Rac1 c6 26.
Bb6 Rd5 27. Rfd1 Rb5 28. Bd4 Rb4 29. a3 Rxd4 30. Rxd4 Nxd4 31. Qxd4 Rd8 32.
Qb6 Rd7 33. h3 Qd8 34. Qb3 h6 35. Re1 Re7 36. Rd1 Rd7 37. Re1 Re7 38. Rd1
Qe8 39. Qb4 Rd7 40. Re1 Qd8 41. Qb3 g6 42. Qe3 Rd1 43. Rxd1 Qxd1+ 44. Kh2
Qd6+ 45. Kg1 Kg7 46. Qc3+ Qf6 47. Qb3 b5 48. Qb4 c5 49. Qd2 c4 50. Qb4 Qe5
51. Qd2 Qf6 52. Qb4 Qd4 53. g3 Qd1+ 54. Kg2 Qb3 55. Qd2 c3 56. Qxc3+ Qxc3
57. bxc3 Kf6 58. Kf3 Ke5 59. Ke3 Kd5 60. Kd3 f5 61. f3 g5 62. h4 gxh4 63.
gxh4 f4 64. h5 a5 65. Kd2 Kc4 66. Kc2 a4 {White resigns} 0-1

[Event "ICC tourney 1955 (60 10)"]
[Site "Internet Chess Club"]
[Date "2020.08.09"]
[Round "9"]
[White "joeandjoe56"]
[Black "Ayushb"]
[Result "0-1"]
[ICCResult "White resigns"]
[WhiteElo "1807"]
[BlackElo "1770"]
[Opening "Ruy Lopez: Steinitz defense deferred (Russian defense)"]
[ECO "C79"]
[NIC "RL.12"]
[Time "18:32:41"]
[TimeControl "3600+10"]

1. e4 e5 2. Nf3 Nc6 3. Bb5 a6 4. Ba4 Nf6 5. O-O d6 6. c3 Nxe4 7. d4 b5 8.
Bb3 d5 9. dxe5 Be6 10. Nbd2 Nxd2 11. Bxd2 Be7 12. Bc2 O-O 13. Qe2 Re8 14.
Nd4 Qd7 15. Kh1 Nxd4 16. cxd4 Bf5 17. Bxf5 Qxf5 18. Rac1 c5 19. Be3 c4 20.
f4 h5 21. Qf3 Red8 22. Bd2 b4 23. h3 h4 24. Kh2 a5 25. g4 hxg3+ 26. Qxg3 a4
27. Rg1 g6 28. Qe3 a3 29. b3 c3 30. Be1 Rac8 31. Rg2 Kg7 32. Bf2 Rh8 33. Rg3
Bh4 34. Rf3 Bxf2 35. Qxf2 Rh5 36. Qe3 Rch8 37. Kg2 Rh4 38. Rh1 Kf8 39. Rf2
Ke7 40. Rf3 Qe4 41. Qf2 Rxf4 {White resigns} 0-1

[Event "ICC tourney 1955 (60 10)"]
[Site "Internet Chess Club"]
[Date "2020.08.09"]
[Round "9"]
[White "qiaoqiaoszx"]
[Black "aghilan"]
[Result "1-0"]
[ICCResult "Black forfeits on time"]
[WhiteElo "2027"]
[BlackElo "1855"]
[Opening "Ruy Lopez: closed, Chigorin defense"]
[ECO "C97"]
[NIC "RL.23"]
[Time "18:32:24"]
[TimeControl "3600+10"]

1. e4 e5 2. Nf3 Nc6 3. Bb5 a6 4. Ba4 Nf6 5. O-O b5 6. Bb3 Be7 7. Re1 d6 8.
c3 O-O 9. h3 Na5 10. Bc2 c5 11. d4 Qc7 12. a4 Bd7 13. d5 c4 14. Nbd2 Nb7 15.
Nf1 Nc5 16. axb5 axb5 17. Bd2 Qb7 18. Rxa8 Rxa8 19. Qb1 Ra6 20. Be3 Na4 21.
Ng3 g6 22. Ne2 Kg7 23. b3 cxb3 24. Qxb3 Qc7 25. Nd2 Nc5 26. Qb4 Qa7 27. Qb1
Ra3 28. Nb3 Qa6 29. Nxc5 dxc5 30. Bc1 Ra5 31. c4 b4 32. Bb3 Ba4 33. Bxa4
Rxa4 34. Bb2 Nd7 35. Qd3 Ra2 36. Rb1 Bd6 37. Nc1 Ra4 38. Nb3 Nb6 39. Nd2 Ra2
40. f4 Nd7 41. Nf3 f6 42. fxe5 Bxe5 43. Nxe5 Nxe5 44. Bxe5 fxe5 45. d6
{Black forfeits on time}
1-0

[Event "ICC tourney 1955 (60 10)"]
[Site "Internet Chess Club"]
[Date "2020.08.09"]
[Round "9"]
[White "Joshua1"]
[Black "ikeepchecking"]
[Result "0-1"]
[ICCResult "White resigns"]
[WhiteElo "1866"]
[BlackElo "2079"]
[Opening "King's Indian: Kramer system"]
[ECO "E70"]
[NIC "KI.52"]
[Time "18:32:04"]
[TimeControl "3600+10"]

1. d4 Nf6 2. c4 g6 3. Nc3 Bg7 4. e4 d6 5. Nge2 O-O 6. f3 e5 7. dxe5 dxe5 8.
Qxd8 Rxd8 9. Nd5 Nxd5 10. cxd5 c6 11. Nc3 Na6 12. Bxa6 bxa6 13. Bg5 f6 14.
Be3 Bb7 15. O-O-O cxd5 16. Nxd5 Bxd5 17. Rxd5 Rxd5 18. exd5 Kf7 19. Kc2 Ke7
20. Bc5+ Kd7 21. b4 a5 22. a3 Bf8 23. Kd3 Bd6 24. Kc4 Rc8 25. Kb5 axb4 26.
axb4 a6+ 27. Kb6 a5 28. Bxd6 Kxd6 29. Kxa5 Ra8+ 30. Kb6 Rb8+ 31. Ka5 f5 32.
Rd1 e4 33. fxe4 fxe4 34. b5 Kc5 35. Rc1+ Kxd5 36. b6 e3 37. Ka6 Ke4 38. b7
e2 39. Ka7 Rxb7+ 40. Kxb7 Ke3 41. Kc6 Kd2 42. Ra1 e1=Q 43. Rxe1 Kxe1 44. Kd5
Kf2 45. g4 Kg2 46. Ke4 Kxh2 47. Kf3 g5 48. Kf2 Kh3 49. Kf3 h6 {White
resigns} 0-1

[Event "ICC tourney 1955 (60 10)"]
[Site "Internet Chess Club"]
[Date "2020.08.09"]
[Round "9"]
[White "dswang"]
[Black "Alexbander"]
[Result "1-0"]
[ICCResult "Black checkmated"]
[WhiteElo "1831"]
[BlackElo "1713"]
[Opening "Ruy Lopez: closed, Flohr-Zaitsev system (Lenzerheide variation)"]
[ECO "C92"]
[NIC "RL.26"]
[Time "18:32:22"]
[TimeControl "3600+10"]

1. e4 e5 2. Nf3 Nc6 3. Bb5 a6 4. Ba4 Nf6 5. O-O b5 6. Bb3 Be7 7. Re1 O-O 8.
h3 d6 9. c3 Bb7 10. d4 exd4 11. cxd4 d5 12. e5 Ne4 13. Nbd2 Nxd2 14. Bxd2
Nb4 15. Bc3 Rc8 16. a3 Nc6 17. Bc2 Qd7 18. Qd3 g6 19. Bd2 Rfe8 20. Bh6 Bf8
21. Qe3 Qe6 22. Bxf8 Rxf8 23. Qh6 f5 24. Ng5 Qe7 25. Rad1 Rce8 26. b4 Qg7
27. Qxg7+ Kxg7 28. Bb3 Nd8 29. Rc1 Re7 30. Rc5 c6 31. Rc2 Ne6 32. Nxe6+ Rxe6
33. f4 h5 34. Kh2 Kh7 35. Kg3 Kh6 36. Kf3 Kg7 37. g4 Kf7 38. gxf5 gxf5 39.
Rg2 Rg6 40. Rxg6 Kxg6 41. Rg1+ Kh6 42. Rg5 Bc8 43. Kg3 Bd7 44. Bd1 Be8 45.
Kh4 Kh7 46. Bxh5 Bxh5 47. Rxh5+ Kg6 48. Rg5+ Kh6 49. Kg3 Kh7 50. h4 Kh6 51.
h5 Kh7 52. Kf3 Rf7 53. Rg6 Rc7 54. Rf6 Kg7 55. Rxf5 Kh6 56. e6 Re7 57. Re5
Kg7 58. Kg4 Kf6 59. f5 Rg7+ 60. Kf3 Re7 61. h6 Rh7 62. e7 Rxe7 63. Rxe7 Kxe7
64. h7 Kf6 65. h8=Q+ Kxf5 66. Qe5+ Kg6 67. Qd6+ Kg7 68. Qxc6 Kf7 69. Qxd5+
Kg7 70. Qc6 Kf7 71. d5 Kg7 72. d6 Kf7 73. Qxa6 Kg7 74. Qxb5 Kf6 75. Qd5 Kg7
76. Qe6 Kf8 77. Qe7+ Kg8 78. d7 Kh8 79. d8=Q# {Black checkmated} 1-0

[Event "ICC tourney 1955 (60 10)"]
[Site "Internet Chess Club"]
[Date "2020.08.09"]
[Round "9"]
[White "RisingRook"]
[Black "adorablehill"]
[Result "1/2-1/2"]
[ICCResult "Game drawn by mutual agreement"]
[WhiteElo "1974"]
[BlackElo "1844"]
[Opening "Giuoco Pianissimo"]
[ECO "C50"]
[NIC "IG.02"]
[Time "18:32:44"]
[TimeControl "3600+10"]

1. e4 e5 2. Nf3 Nc6 3. Bc4 Bc5 4. d3 Nf6 5. c3 d6 6. O-O O-O 7. h3 h6 8.
Nbd2 Be6 9. b4 Bb6 10. a4 a5 11. b5 Ne7 12. Bxe6 fxe6 13. d4 exd4 14. cxd4
d5 15. e5 Nd7 16. Nb3 c6 17. bxc6 bxc6 18. Ba3 Rc8 19. Rc1 Rf7 20. Nc5 Nxc5
21. Bxc5 Bxc5 22. Rxc5 Nf5 23. Qd2 Ra7 24. Rfc1 Qb6 25. Qc2 Ra6 26. Rb1 Qc7
27. Qb3 Ne7 28. Qb7 Ra7 29. Qxc7 Rcxc7 30. Kf1 Ng6 31. g3 Nf8 32. Rbc1 Ra6
33. R5c3 Nd7 34. h4 c5 35. dxc5 Rac6 36. Nd4 Rxc5 37. Rxc5 Rxc5 38. Rxc5
Nxc5 39. Nc6 Nxa4 40. Nxa5 Kf7 41. Nc6 Nc5 42. Nd4 g5 43. hxg5 hxg5 44. f4
gxf4 45. gxf4 {Game drawn by mutual agreement} 1/2-1/2

[Event "ICC tourney 1955 (60 10)"]
[Site "Internet Chess Club"]
[Date "2020.08.09"]
[Round "9"]
[White "BirchRun"]
[Black "Javierof"]
[Result "1/2-1/2"]
[ICCResult "Game drawn by mutual agreement"]
[WhiteElo "1889"]
[BlackElo "2120"]
[Opening "Queen's pawn: London system"]
[ECO "A45"]
[NIC "QP.07"]
[Time "18:32:24"]
[TimeControl "3600+10"]

1. d4 Nf6 2. Bf4 c5 3. e3 d5 4. c3 Nc6 5. Nd2 Bf5 6. Ngf3 e6 7. Qa4 Qb6 8.
Bb5 Nd7 9. O-O Be7 10. Ne5 Ndxe5 11. Bxe5 O-O 12. Bxc6 bxc6 13. dxc5 Bxc5
14. Nb3 Bxe3 15. Bg3 Bg5 16. Nd4 Bd3 17. Rfd1 Bb5 18. Nxb5 Qxb5 19. Qxb5
cxb5 20. a4 a6 21. axb5 axb5 22. Bd6 Rfd8 23. Bb4 Bf6 24. Kf1 g5 25. Ke2 Kg7
26. g4 h6 27. h3 Rxa1 28. Rxa1 d4 29. cxd4 Rxd4 30. Bc3 Rc4 31. Kd3 Rf4 32.
Ke3 b4 33. Bxf6+ Kxf6 34. Ra5 Kg6 35. Rb5 h5 36. f3 f6 37. b3 e5 38. Rb6 h4
39. Rb7 Rd4 40. Rb6 Rd1 41. Rxb4 Rh1 42. Ra4 Rxh3 43. Ra2 Rg3 44. b4 Rg1 45.
Rb2 h3 46. Rh2 Rb1 47. Rxh3 Rb3+ 48. Kf2 Rxb4 49. Rh8 e4 50. fxe4 Rxe4 51.
Kf3 Rf4+ 52. Kg3 Ra4 53. Rg8+ Kf7 54. Rb8 Ra3+ 55. Kg2 Ke6 56. Rb5 Rd3 57.
Rf5 Rd5 58. Rf3 Ke5 59. Rf5+ Ke6 60. Rf3 f5 61. gxf5+ Rxf5 62. Rxf5 Kxf5 63.
Kf3 {Game drawn by mutual agreement} 1/2-1/2

[Event "ICC tourney 1955 (60 10)"]
[Site "Internet Chess Club"]
[Date "2020.08.09"]
[Round "9"]
[White "natez"]
[Black "zchen15"]
[Result "0-1"]
[ICCResult "White checkmated"]
[WhiteElo "1861"]
[BlackElo "1987"]
[Opening "Queen's pawn game, Rubinstein (Colle-Zukertort) variation"]
[ECO "D05"]
[NIC "QP.06"]
[Time "18:32:44"]
[TimeControl "3600+10"]

1. d4 Nf6 2. Nf3 e6 3. e3 d5 4. Bd3 c5 5. b3 Nbd7 6. O-O Bd6 7. Bb2 Qc7 8.
Nbd2 e5 9. dxe5 Nxe5 10. Nxe5 Bxe5 11. Bxe5 Qxe5 12. Nf3 Qc7 13. c4 dxc4 14.
Bxc4 O-O 15. Qc2 Bg4 16. Be2 Rac8 17. h3 Bh5 18. Rfd1 Qe7 19. Nh4 Bxe2 20.
Qxe2 a6 21. Nf5 Qe5 22. Nd6 Rc6 23. Nc4 Qc7 24. Qf3 b5 25. Nd2 Re8 26. Rac1
Ree6 27. Nf1 g6 28. Ng3 Kg7 29. Rd2 c4 30. bxc4 Rxc4 31. Rxc4 Qxc4 32. Qe2
Qc7 33. Rc2 Rc6 34. Rxc6 Qxc6 35. Qb2 a5 36. f3 Kg8 37. Qd2 Qc7 38. Kf2 b4
39. Ne2 Nd7 40. Nd4 Nb6 41. Qc2 Qxc2+ 42. Nxc2 Nd5 43. Nd4 a4 44. Ke2 Nc3+
45. Kd2 Nxa2 46. Nb5 b3 47. Na3 Kg7 48. Nc4 Nb4 49. Kc3 Nd5+ 50. Kb2 Kf6 51.
Ka3 Nc3 52. Kb4 Nd5+ 53. Kxa4 b2 54. Nxb2 Nxe3 55. g3 Nf1 56. g4 Kg5 57. Nd3
Kh4 58. Ne5 f6 59. Nd7 f5 60. Nf6 h6 61. Ng8 h5 62. gxh5 gxh5 63. Nf6 Ng3
64. Kb4 Kxh3 65. Kc4 Kg2 66. f4 h4 67. Nd5 h3 68. Ne3+ Kf3 69. Nd1 h2 70.
Nf2 Kxf2 71. Kd4 h1=Q 72. Ke5 Qe4+ 73. Kf6 Qxf4 74. Kg6 Qg4+ 75. Kf6 f4 76.
Ke5 f3 77. Kd5 Kg2 78. Ke5 f2 79. Kd5 f1=R 80. Ke5 Re1+ 81. Kd5 Qd1+ 82. Kc5
Qd2 83. Kc6 Rc1+ 84. Kb5 Qb2+ 85. Ka4 Ra1# {White checkmated} 0-1